Map: Newkirk Precinct TE (Void)

Players

Musumeci - Winner!

  • Race: Zerg Zerg
  • League: Diamond
  • Spawn Location: 5:00

miked

  • Race: Protoss Protoss
  • League: Diamond
  • Spawn Location: 7:00

VOD

Have the link to the VOD?

Description

Time

  • Played on: Feb. 12, 2017, 1:18 p.m.
  • Length: 8:28
Show
View Real Time Build Order
Export as new Build Order

Musumeci Zerg - Winner!

Build Orders: Hatch First 

Get SALT Encoding   

  12  0:01  Drone  
  13  0:08  Drone  
  14  0:14  Extractor  
  14  0:16  Drone  
  15  0:41  Hatchery  
  14  0:48  Drone, Extractor  
  15  1:01  Spawning Pool  
  17  1:57  Drone  
  17  1:58  Drone  
  17  2:01  Drone x2  
  17  2:02  Queen  
  17  2:04  Extractor  
  17  2:05  Drone  
  19  2:16  Drone  
  19  2:19  Overlord  
  20  2:35  Overlord  
  20  2:37  Queen  
  20  2:43  Drone x2  
  25  2:44  Drone  
  25  2:47  Drone  
  26  3:02  Zergling x6  
  26  3:04  Metabolic Boost  
  29  3:09  Zergling x2  
  30  3:13  Zergling x4  
  32  3:20  Evolution Chamber  
  31  3:29  Drone x4  
  35  3:43  Drone  
  35  3:45  Overlord  
  36  3:54  Overlord  
  34  4:33  Drone x12  
  34  4:34  Drone x2  
  46  4:40  Extractor, Roach Warren  
  43  4:47  Zergling x4  
  45  4:58  Zergling x4  
  46  5:20  Overlord x2  
  46  5:21  Overlord x2, Extractor  
  45  5:31  Lair  
  45  5:35  Zerg Melee Weapons Level 1  
  45  5:39  Roach x3  
  45  5:40  Roach x2  
  55  6:00  Extractor  
  55  6:02  Zergling x12  
  55  6:03  Baneling Nest, Zergling x2  
  60  6:11  Hatchery  
  59  6:20  Zergling x2  
  59  6:21  Zergling x12  
  60  6:52  Zergling x12  
  64  6:54  Ravager x3  
  64  6:55  Ravager x2  
  64  6:59  Baneling  
  64  7:00  Baneling x5  
  69  7:01  Baneling  
  69  7:02  Zergling x12  
  72  7:27  Zergling x12  
  72  7:28  Zergling x8  
  76  7:41  Zergling x6  
Show
View Real Time Build Order
Export as new Build Order

miked Protoss 

Build Orders:  

Get SALT Encoding   

  12  0:01  Probe (Chrono Boost)  
  13  0:11  Probe (Chrono Boost)  
  14  0:19  Pylon  
  14  0:22  Probe (Chrono Boost)  
  15  0:37  Probe (Chrono Boost)  
  15  0:40  Forge  
  16  0:47  Probe (Chrono Boost)  
  17  0:58  Probe (Chrono Boost)  
  18  1:08  Probe (Chrono Boost)  
  18  1:09  Pylon  
  19  1:15  Photon Cannon  
  19  1:34  Gateway  
  19  1:39  Probe (Chrono Boost)  
  20  1:41  Assimilator  
  20  1:53  Nexus  
  20  1:57  Probe (Chrono Boost)  
  21  2:08  Probe (Chrono Boost)  
  22  2:17  Gateway  
  22  2:20  Probe (Chrono Boost)  
  23  2:23  Cybernetics Core  
  23  2:28  Zealot  
  25  2:31  Probe (Chrono Boost)  
  26  2:37  Assimilator  
  26  2:42  Probe (Chrono Boost)  
  27  2:45  Warp Gate  
  27  2:52  Probe (Chrono Boost)  
  27  2:55  Pylon  
  28  3:02  Stalker  
  28  3:05  Probe (Chrono Boost)  
  31  3:08  Probe (Chrono Boost)  
  32  3:16  Stalker  
  32  3:17  Probe (Chrono Boost)  
  32  3:18  Probe (Chrono Boost)  
  36  3:25  Assimilator  
  36  3:29  Probe x2 (Chrono Boost)  
  36  3:33  Assimilator  
  38  3:41  Robotics Facility, Probe (Chrono Boost)  
  39  3:45  Probe (Chrono Boost)  
  40  3:53  Stalker, Probe (Chrono Boost)  
  43  3:56  Probe (Chrono Boost)  
  43  4:01  Stalker  
  46  4:05  Probe (Chrono Boost)  
  46  4:06  Probe (Chrono Boost)  
  50  4:17  Probe x2 (Chrono Boost)  
  50  4:19  Protoss Ground Weapons Level 1  
  44  4:24  Stalker  
  44  4:27  Probe (Chrono Boost)  
  44  4:29  Observer, Probe (Chrono Boost)  
  47  4:38  Probe (Chrono Boost)  
  45  4:44  Probe (Chrono Boost)  
  45  4:48  Probe (Chrono Boost)  
  46  4:55  Probe (Chrono Boost)  
  46  4:59  Probe (Chrono Boost)  
  47  5:04  Observer  
  47  5:08  Probe (Chrono Boost)  
  47  5:09  Probe (Chrono Boost)  
  49  5:19  Probe (Chrono Boost)  
  49  5:20  Pylon  
  50  5:24  Pylon  
  50  5:26  Pylon  
  50  5:28  Mothership Core (Chrono Boost)  
  52  5:30  Pylon, Probe (Chrono Boost)  
  52  5:31  Observer  
  54  5:40  Probe (Chrono Boost)  
  55  5:46  Probe (Chrono Boost)  
  56  5:51  Probe (Chrono Boost)  
  56  5:56  Twilight Council, Robotics Bay  
  56  5:57  Probe (Chrono Boost)  
  58  6:01  Probe (Chrono Boost)  
  59  6:07  Probe (Chrono Boost)  
  60  6:22  Nexus  
  60  6:26  Sentry x2  
  60  6:29  Immortal  
  60  6:30  Probe (Chrono Boost)  
  60  6:31  Probe (Chrono Boost)  
  70  6:35  Pylon  
  70  6:38  Pylon  
  69  6:54  Zealot x2  
  69  6:59  Nexus  
  73  7:06  Probe x2 (Chrono Boost)  
  69  7:30  Stalker  
  69  7:31  Stalker  
  55  7:55  Stalker x2  
  55  8:03  Gateway  
  55  8:04  Gateway  
  55  8:05  Gateway x2  
  60  8:07  Gateway  
Tags
 
Add a new tag
Caveats
  • Supply blocks, unpowered buildings, or Contaminate may cause inaccurate times.
  • Supply counts are checked every 10 seconds.